 Dungeon Sprint DCSS version 0.25.1-8-g42b30a86e7 (webtiles) character file.

Game seed: 6164275146888817774

4763 jbtxwes the Executioner (level 10, -3/83 HPs)
             Began as a Hill Orc Fighter on Dec 11, 2020.
             Was a High Priest of Beogh.
             Killed by divine providence
             ... invoked by a mummy priest
              (11 damage)
             ... in the Dungeon (Sprint V: "Ziggurat Sprint").
             The game lasted 00:12:55 (875 turns).

jbtxwes the Executioner (Hill Orc Fighter)           Turns: 875, Time: 00:12:56

Health: -3/83      AC: 26    Str: 35    XL:     10   Next: 47%
Magic:  0/14       EV:  0    Int:  8    God:    Beogh [*****.]
Gold:   0          SH: 28    Dex: 10    Spells: 9/9 levels left

rFire    . . .     SeeInvis .   G - +9 broad axe (freeze)
rCold    . . .     Gourm    .   I - +18 shield of the Gong {rElec rN+ MR+ EV-5}
rNeg     + . .     Faith    .   H - +15 Maxwell's patent armour {-Cast -Tele rElec MR+ rCorr}
rPois    .         Spirit   +   (no helmet)
rElec    +         Reflect  .   (no cloak)
rCorr    +         Harm     .   (no gloves)
MR       ++...     NoTele   +   (no boots) Stlth ..........NoCast +
                                y - amulet of guardian spirit
HPRegen  0.23/turn              A - +6 ring of strength
MPRegen  0.14/turn              B - +6 ring of strength

@: studying Stealth
A: walk on water
a: Smiting, Recall Orcish Followers, Give Item to Named Follower, Renounce
Religion


You were in the Dungeon.
You worshipped Beogh.
Beogh was extremely pleased with you.
You were not hungry.

You visited 1 branch

Inventory:

Hand Weapons
 a - a +5 hunting sling
 G - a +9 broad axe of freezing (weapon)
Missiles
 b - 1000 sling bullets (quivered)
Armour
 H - the +15 Maxwell's patent armour (worn) {-Cast -Tele rElec MR+ rCorr}
   (You found it in the Dungeon)

   It insulates you from electricity.
   It affects your resistance to hostile enchantments.
   It prevents spellcasting.
   It prevents most forms of teleportation.
   It provides partial protection from all sources of acid and corrosion.
 I - the +18 shield of the Gong (worn) {rElec rN+ MR+ EV-5}
   (You found it in the Dungeon)

   It affects your evasion (-5).
   It insulates you from electricity.
   It protects you from negative energy.
   It affects your resistance to hostile enchantments.
Jewellery
 n - a +4 ring of evasion
 v - an uncursed ring of flight
 x - a +6 ring of dexterity
 y - an amulet of guardian spirit (around neck)
 z - a +6 ring of intelligence
 A - a +6 ring of strength (left hand)
 B - a +6 ring of strength (right hand)
 L - an uncursed ring of positive energy
 M - an uncursed ring of ice
 N - an uncursed ring of positive energy
Wands
 C - a wand of disintegration (7)
 D - a wand of iceblast (6)
 E - a wand of acid (7)
Scrolls
 j - 4 scrolls of blinking
 p - 4 scrolls of amnesia
 q - 7 scrolls of fog
 s - 5 scrolls of identify
 t - 5 scrolls of remove curse
 u - 2 scrolls of fear
Potions
 c - 6 potions of might
 e - 10 potions of curing
 f - 9 potions of heal wounds
 g - 6 potions of haste
 h - 7 potions of magic
 i - 3 potions of berserk rage
 k - 2 potions of brilliance
 l - 2 potions of invisibility
 m - 4 potions of resistance
 o - 5 potions of stabbing
Books
 w - a manual of Stealth
Miscellaneous
 F - a lightning rod (4/4)
 J - a lightning rod (4/4)
 K - a phantom mirror
Comestibles
 d - 7 rations


   Skills:
 * Level 5.8 Fighting
 - Level 23.5 Axes
 - Level 13.0 Slings
 - Level 3.2 Armour
 - Level 3.2 Shields
 - Level 2.1 Unarmed Combat
 + Level 5.9 Invocations


You had 9 spell levels left.
You didn't know any spells.
Your spell library was empty.

Dungeon Overview and Level Annotations

Branches:
Dungeon (1/1)

Altars:
Ashenzari
Cheibriados
Dithmenos
Elyvilon
Fedhas
Gozag
Hepliaklqana
Kikubaaqudgha
Makhleb
Nemelex Xobeh
Okawaru
Qazlal
Ru
Sif Muna
Trog
Uskayaw
Vehumet
Wu Jian
Xom
Yredelemnul
Zin
The Shining One
Beogh
Jiyva
Lugonu


Message History

You feel much better. You block the greater mummy's attack.
PTOANNNG!
The freezing wraith is lost in a daze.
The mummy priest prays to its god.
The mummy priest hits you!!
* * * LOW HITPOINT WARNING * * *
You hit the mummy priest. You freeze the mummy priest.
The mummy priest is heavily damaged.
Your Maxwell's patent armour prevents you from hitting the greater mummy.
The red devil is lost in a daze.
The greater mummy is lost in a daze.
You slice the mummy priest!! You freeze the mummy priest.
The mummy priest is severely damaged.
You closely miss the greater mummy. The smoke demon gestures at you.
Something smites you!
* * * LOW HITPOINT WARNING * * *
The red devil is lost in a daze.
The mummy priest mumbles some strange prayers to its god against you.
Something smites you!
You die...

▓..8©8..▓
▓...:.....▓..|:...▓
▓...)):...▓..|....▓
▓.........▓.......▓
▓.........▓.......▓
▓........4▓.......▓
▓....3n.MW▓.......▓
▓.▓..MM{▓M▓.▓...▓.▓
▓...3©.3M@▓...©...▓
▓▓▓▓▓▓▓▓▓▓▓▓▓▓▓▓▓▓▓


You could see a greater mummy (dazed), 2 mummy priests, a soul eater (summoned),
2 guardian mummies, a freezing wraith (summoned, dazed), 2 smoke demons, a red
devil (summoned, dazed) and a necrophage (summoned).

Vanquished Creatures
  An unseen horror (D)
  An ironbrand convoker (D)
  An orc knight (D)
  3 deep elf magi (D)
  A vault sentinel (D)
  A guardian mummy (D)
  A slime creature (D)
  2 spriggans (D)
  A tarantella (D)
  A fire elemental (D)
  A hell hound (D)
  5 wolves (D)
  3 scorpions (D)
  A crimson imp (D)
  2 orc priests (D)
  An orc wizard (D)
  2 mummies (D)
  2 adders (D)
  A shadow imp (D)
  A bat zombie (D)
  3 ball pythons (D)
  A leopard gecko skeleton (D)
  A leopard gecko zombie (D)
37 creatures vanquished.

Vanquished Creatures (collateral kills)
  An orc wizard (D)
1 creature vanquished.

Vanquished Creatures (others)
  3 orc priests (D)
3 creatures vanquished.

Grand Total: 41 creatures vanquished

Notes
Turn   | Place    | Note
-------+----------+-------------------------------------------
     0 | D        | jbtxwes the Hill Orc Fighter began the quest for the Orb.
     0 | D        | Reached XP level 1. HP: 19/19 MP: 1/1
     6 | D        | Became a worshipper of Beogh the Brigand
    13 | D        | Found a shimmering blue altar of Sif Muna.
    13 | D        | Found a bloodstained altar of Trog.
    13 | D        | Found a sacrificial altar of Ru.
    13 | D        | Found a stormy altar of Qazlal.
    13 | D        | Found an iron altar of Okawaru.
    14 | D        | Found a sparkling altar of Nemelex Xobeh.
    14 | D        | Found a blossoming altar of Fedhas.
    15 | D        | Found the +6 Majin-Bo {vamp, Archmagi MP+6 Int+6}
    15 | D        | Found the +7 great mace "Firestarter" {inner flame, rF++}
    16 | D        | Found a transporter.
    16 | D        | Found an ancient bone altar of Kikubaaqudgha.
    16 | D        | Found a viscous altar of Jiyva.
    16 | D        | Found a corrupted altar of Lugonu.
    16 | D        | Found a hazy altar of Hepliaklqana.
    16 | D        | Found a burning altar of Makhleb.
    16 | D        | Found an opulent altar of Gozag.
    39 | D        | Found the +6 shillelagh "Devastator" {shatter}
    39 | D        | Found the +11 plutonium sword {*Contam Stlth-}
    39 | D        | Found the +8 lance "Wyrmbane" {slay drac, rPois rF+ rC+
                  | AC+3}
    39 | D        | Found the +9 sword of Zonguldrok {reap}
    39 | D        | Found the cursed +13 scythe of Curses {drain, *Curse}
    39 | D        | Found the +0 sword of Power
    39 | D        | Found the +7 mace of Variability {chain chaos}
    39 | D        | Found the +7 Singing Sword {vorpal, sonic wave}
    39 | D        | Found the +8 storm bow {elec, penet}
    40 | D        | Found the +9 heavy crossbow "Sniper" {vorpal, Acc+∞ SInv}
    40 | D        | Found the +10 dark maul {vorpal}
    40 | D        | Found the +15 Maxwell's patent armour {-Cast -Tele rElec
                  | MR+ rCorr}
    40 | D        | Found the +18 shield of the Gong {rElec rN+ MR+ EV-5}
    40 | D        | Found the cursed +14 obsidian axe {vorpal, +Fly SInv
                  | *Curse}
   120 | D        | Reached skill level 5 in Fighting
   120 | D        | Reached skill level 6 in Axes
   120 | D        | Reached XP level 2. HP: 30/30 MP: 1/5
   165 | D        | Entered arena 2.
   165 | D        | Found a transporter.
   174 | D        | Reached skill level 7 in Axes
   182 | D        | Entered arena 3.
   182 | D        | Found a transporter.
   187 | D        | Reached * piety under Beogh
   187 | D        | Reached skill level 8 in Axes
   187 | D        | Reached XP level 3. HP: 37/37 MP: 6/6
   197 | D        | Entered arena 4.
   197 | D        | Noticed a tarantella
   197 | D        | Noticed a scorpion
   197 | D        | Noticed a scorpion
   197 | D        | Noticed a scorpion
   197 | D        | Found a transporter.
   202 | D        | Killed a scorpion
   202 | D        | Reached ** piety under Beogh
   202 | D        | Reached skill level 10 in Axes
   202 | D        | Reached XP level 4. HP: 44/44 MP: 7/7
   205 | D        | Reached skill level 12 in Axes
   205 | D        | Reached XP level 5. HP: 50/50 MP: 8/8
   207 | D        | Killed a tarantella
   207 | D        | Reached skill level 15 in Axes
   207 | D        | Reached XP level 6. HP: 57/57 MP: 9/9
   219 | D        | Entered arena 5.
   219 | D        | Noticed a deep elf mage
   219 | D        | Noticed a deep elf mage
   219 | D        | Noticed a fire elemental
   219 | D        | Noticed a deep elf mage
   219 | D        | Found a transporter.
   233 | D        | Killed a fire elemental
   233 | D        | Reached *** piety under Beogh
   233 | D        | Reached skill level 16 in Axes
   233 | D        | Reached XP level 7. HP: 62/62 MP: 10/10
   237 | D        | Killed a deep elf mage
   237 | D        | Reached skill level 17 in Axes
   237 | D        | Reached XP level 8. HP: 59/70 MP: 11/11
   241 | D        | Killed a deep elf mage
   241 | D        | Reached skill level 18 in Axes
   252 | D        | Killed a deep elf mage
   252 | D        | Reached skill level 19 in Axes
   252 | D        | Reached skill level 10 in Slings
   408 | D        | Entered arena 6.
   408 | D        | Noticed an ironbrand convoker
   408 | D        | Noticed a slime creature
   408 | D        | Noticed an orc knight
   408 | D        | Noticed a vault sentinel
   408 | D        | Found a transporter.
   422 | D        | Killed an orc knight
   422 | D        | Reached **** piety under Beogh
   422 | D        | Reached skill level 20 in Axes
   422 | D        | Reached XP level 9. HP: 64/75 MP: 8/12
   429 | D        | Killed a vault sentinel
   429 | D        | Reached skill level 21 in Axes
   429 | D        | Reached skill level 5 in Invocations
   430 | D        | Killed an ironbrand convoker
   434 | D        | Killed an unseen horror
   434 | D        | Reached skill level 22 in Axes
   434 | D        | Reached XP level 10. HP: 65/83 MP: 10/14
   633 | D        | Entered arena 7.
   637 | D        | Reached ***** piety under Beogh
   641 | D        | Found a transporter.
   722 | D        | Entered arena 8.
   733 | D        | Gained Olfik as an ally
   735 | D        | Found a transporter.
   740 | D        | Reached ****** piety under Beogh
   804 | D        | Got the +2 hand axe of the Lesser Evil {elec, rF+ Int+3}
   815 | D        | Entered arena 9.
   819 | D        | Your ally Olfik died
   822 | D        | Reached skill level 23 in Axes
   826 | D        | Found a transporter.
   848 | D        | Entered arena 10.
   848 | D        | Noticed a mummy priest
   848 | D        | Noticed a mummy priest
   848 | D        | Noticed a greater mummy
   850 | D        | Noticed a phantasmal warrior
   852 | D        | Noticed a jiangshi
   857 | D        | Your ally Olfik died
   858 | D        | Noticed a sixfirhy
   866 | D        | Noticed a smoke demon
   870 | D        | HP: 1/83 [greater mummy/divine providence (10)]
   874 | D        | Noticed a smoke demon
   874 | D        | Noticed a soul eater
   875 | D        | Killed from afar by a mummy priest

Illustrated notes

Levels and vault maps discovered:
D:        sprint_v [room_start, room_1, room_2, room_3, room_4, room_5, room_6,
          room_7, room_8, room_9, room_10, room_11, room_12, room_13, room_14,
          room_15, room_16, room_17, room_18, room_19, room_20, room_21,
          room_22, room_23, room_24, room_25, room_26, room_27]

Skill      XL: |  1  2  3  4  5  6  7  8  9 10 |
---------------+-------------------------------+-----
Fighting       | 5 |  5.8
Axes           | 6 8 10 12 15 16 17 20 22 23 | 23.5
Invocations    | 4 5 |  5.9
Slings         | 4 8 11 12 13 | 13.0
Armour         | |  3.2
Shields        | |  3.2
Unarmed Combat | |  2.1

Action                   |  1- 3 |  4- 6 |  7- 9 | 10-12 || total
-------------------------+-------+-------+-------+-------++-------
Melee: Broad axe         |    14 |    13 |    30 |    47 ||   104
 Fire: Hunting sling     |       |     2 |       |       ||     2
Invok: Smiting           |       |       |     1 |     2 ||     3
       Give Item to Name |       |       |       |     1 ||     1
       Resurrection      |       |       |       |     1 ||     1
Evoke: Wand              |     1 |       |       |       ||     1
  Use: Potion            |     1 |       |       |     1 ||     2
       Scroll            |       |       |       |     6 ||     6
Armor: Plate armour      |     6 |     5 |    14 |    12 ||    37
Dodge: Dodged            |     1 |       |       |       ||     1
Block: Kite shield       |    22 |    27 |    21 |    57 ||   127
